 Dungeon Crawl Stone Soup version 0.19.1-1-g22dce08 (webtiles) character file.

131 Dolanko the Slasher (level 4, -5/38 HPs)
             Began as a Draconian Gladiator on Jan 6, 2017.
             Slain by an orc
             ... wielding a +0 mace
              (6 damage)
             ... while paralysed by Grinder
             ... on level 3 of the Dungeon.
             The game lasted 00:02:52 (2047 turns).

Dolanko the Slasher (Draconian Gladiator)           Turns: 2047, Time: 00:02:53

Health: -5/38      AC:  5    Str: 17    XL:     4   Next: 91%
Magic:  4/4        EV:  2    Int:  9    God:
Gold:   59         SH:  0    Dex: 12    Spells: 0 memorised, 3 levels left

rFire  . . .     SeeInvis .     a - +0 long sword
rCold  . . .     Gourm    .     (armour unavailable)
rNeg   . . .     Faith    .     (no shield)
rPois  .         Spirit   .     b - +0 hat
rElec  .         Reflect  .     (no cloak)
rCorr  .         Harm     .     (no gloves)
MR     .....                    (no boots)
Stlth  ..........               (no amulet)
                                (no ring)
                                f - ring of loudness (curse)

@: paralysed
A: unfitting armour, cold-blooded, AC +5
a: no special abilities


You were on level 3 of the Dungeon.
You were not hungry.

You visited 1 branch of the dungeon, and saw 3 of its levels.

You collected 59 gold pieces.

Inventory:

Hand Weapons
 a - a +0 long sword (weapon)
Missiles
 c - 3 throwing nets (quivered)
Armour
 b - a +0 hat (worn)
Jewellery
 f - a cursed ring of loudness (left hand)
 n - an uncursed amulet of faith
Scrolls
 h - 3 scrolls of immolation
 i - a scroll of magic mapping
 m - a scroll of enchant armour {unknown}
 o - a scroll of identify
 q - a scroll of teleportation {unknown}
Comestibles
 d - 2 bread rations
 g - a slice of pizza
 k - 2 meat rations
 l - a fruit
 p - 7 chunks of flesh


   Skills:
 + Level 3.1 Fighting
 * Level 4.5 Long Blades
 - Level 1.7 Throwing
 + Level 3.6 Dodging


You had 3 spell levels left.
You didn't know any spells.

Dungeon Overview and Level Annotations

Branches:
Dungeon (3/15)

Altars:
Uskayaw
Vehumet

Annotations:
D:3 Grinder


Innate Abilities, Weirdness & Mutations

Your plain brown scales are hard. (AC +5)
You cannot fit into any form of body armour.
You are cold-blooded and may be slowed by cold attacks.


Message History

Grinder is almost dead.
You feel less woody.
Your +0 hat unmelds from your body.
Grinder closely misses you. The orc barely misses you.
Grinder hits you but does no damage.
You hit Grinder.
Grinder is almost dead.
The orc hits you with a mace. Grinder barely misses you.
You hit Grinder but do no damage.
Grinder is almost dead.
The orc hits you with a mace!
* * * LOW HITPOINT WARNING * * *
Grinder gestures at you.
You suddenly lose the ability to move!
The orc hits you with a mace.
* * * LOW HITPOINT WARNING * * *
Grinder blinks!
The orc hits you with a mace!
* * * LOW HITPOINT WARNING * * *
The orc hits you with a mace.
You die...

###.....#....### #.#....#
......#........####.#.##.#
*#...5.$.#####......#.##.#
#...)#..#...#..####...#.#
#...o#.o#..(#..# #...#.#
*#$...#..#####..# #...#.#
....).#...)....#####...#.#
......#...._...##<..5..#.#
......#........o@..#<#.#.###
."....##..########.#...รท...#
,,,,,,#....,..##...#.#.#.#.#
,,,,,,#.#..#.........#)#...#
,,,,,,#.#..#.....#####.#.###
,,,*+*#.#..#.....,*,,...##
**,*,,*,##,#.....,*,.....*
**,****,,,,.....,,*..###.#
,,,* *,**,.####*,#..,,*.#


You could see Grinder and an orc.

Vanquished Creatures
  An orc wizard (D:3)
  An adder (D:2)
  3 gnolls (D:2)
  3 oozes
  A dart slug (D:1)
  8 orcs (D:3)
  2 ball pythons
  3 goblins
  3 hobgoblins
  4 jackals (D:2)
  A quokka (D:2)
  4 bats
  2 frilled lizards (D:1)
  6 kobolds (D:1)
  4 rats
46 creatures vanquished.

Notes
Turn   | Place    | Note
-------+----------+-------------------------------------------
     0 | D:1      | Dolanko the Draconian Gladiator began the quest for the Orb.
     0 | D:1      | Reached XP level 1. HP: 17/17 MP: 1/1
   346 | D:1      | Reached XP level 2. HP: 17/24 MP: 2/2
  1025 | D:2      | Reached XP level 3. HP: 30/30 MP: 3/3
  1064 | D:2      | Found a faded altar of an unknown god.
  1289 | D:2      | Reached skill level 4 in Long Blades
  1531 | D:2      | Reached XP level 4. HP: 31/37 MP: 4/4
  1879 | D:3      | Found a hide-covered altar of Uskayaw.
  1880 | D:3      | Noticed a hand axe
  1956 | D:3      | Found a radiant altar of Vehumet.
  1968 | D:3      | Noticed a hand axe
  1980 | D:3      | Noticed Grinder
  2017 | D:3      | Paralysed by Grinder for 6 turns
  2027 | D:3      | Paralysed by Grinder for 5 turns
  2044 | D:3      | Paralysed by Grinder for 4 turns
  2046 | D:3      | HP: 1/38 [orc/mace (8)]
  2047 | D:3      | Slain by an orc

Skill      XL: |  1  2  3  4 |
---------------+-------------+-----
Dodging        | 3 |  3.6
Long Blades    | 4 |  4.5
Fighting       | 3 |  3.1
Throwing       | |  1.7

Action                   |  1- 3 |  4- 6 || total
-------------------------+-------+-------++-------
Melee: Long sword        |    82 |    82 ||   164
       Tailslap          |    13 |     9 ||    22
  Use: Potion            |     1 |     2 ||     3
       Scroll            |       |     3 ||     3
  Eat: Chunk             |     2 |     2 ||     4
Armor: Skin              |    27 |    54 ||    81
Dodge: Dodged            |    64 |    62 ||   126
       Rpst.: Long sword |    18 |    20 ||    38
